 Dungeon Crawl Stone Soup version 0.21.0 (webtiles) character file.

139 letownia2 the Ruffian (level 5, -8/32 HPs)
             Began as a Gargoyle Fighter on Jan 7, 2018.
             Mangled by Edmund
             ... wielding a +7 flail of crushing
              (11 damage)
             ... on level 4 of the Dungeon.
             The game lasted 00:03:37 (758 turns).

letownia2 the Ruffian (Gargoyle Fighter)             Turns: 758, Time: 00:03:38

Health: -8/32      AC: 13    Str: 19    XL:     5   Next: 22%
Magic:  5/5        EV:  9    Int: 10    God:
Gold:   107        SH:  0    Dex:  9    Spells: 4/4 levels left

rFire    . . .     SeeInvis +     - Unarmed
rCold    . . .     Gourm    .   (no shield)
rNeg     + . .     Faith    .   a - +0 scale mail
rPois    ∞         Spirit   .   g - +0 helmet
rElec    +         Reflect  .   (no cloak)
rCorr    .         Harm     .   (no gloves)
MR       .....                  j - +0 pair of boots (curse)
Stlth    ..........             (no amulet)
HPRegen  0.10/turn              n - ring of see invisible
MPRegen  0.09/turn              (no ring)

@: no status effects
A: negative energy resistance 1, electricity resistance, unbreathing,
petrification resistance, rot immunity, AC +4
a: no special abilities


You were on level 4 of the Dungeon.
You were not hungry.

You visited 1 branch of the dungeon, and saw 4 of its levels.

You collected 107 gold pieces.

Inventory:

Armour
 a - a +0 scale mail (worn)
 b - a +0 shield
 g - a +0 helmet (worn)
 j - a cursed +0 pair of boots (worn)
Jewellery
 n - a ring of see invisible (left hand)
Wands
 o - a wand of scattershot (1)
Scrolls
 e - a scroll of remove curse {unknown}
 f - 2 scrolls of identify {unknown}
 l - a scroll of immolation {unknown}
Potions
 c - a potion of might
 h - a potion of heal wounds {unknown}
 k - 2 potions of curing {unknown}
 m - a potion of berserk rage {unknown}
Comestibles
 d - 3 rations
 i - 2 chunks of flesh


   Skills:
 - Level 3.2 Fighting
 - Level 3.2 Armour
 - Level 3.2 Shields
 + Level 5.2 Unarmed Combat


You had 4 spell levels left.
You didn't know any spells.

Dungeon Overview and Level Annotations

Branches:
Dungeon (4/15)
 Temple: D:4-7

Altars:

Shops:
D:4 }

Annotations:
D:4 Edmund


Innate Abilities, Weirdness & Mutations

You are resistant to torment.
Your stone body is resilient. (AC +4)
You are immune to poison.
You resist negative energy. (rN+)
You are resistant to electric shocks. (rElec)
You can survive without breathing.
You are immune to petrification.
You are immune to rotting.


Message History

* * * LOW HITPOINT WARNING * * *
You hit Edmund but do no damage.
Edmund is severely wounded.
You hit Edmund.
Edmund is severely wounded.
Edmund hits you with a flail of crushing.
* * * LOW HITPOINT WARNING * * *
x2 You hit Edmund.
Edmund is severely wounded.
Edmund hits you but does no damage.
You closely miss Edmund.
Edmund is severely wounded.
Edmund hits you with a flail of crushing.
* * * LOW HITPOINT WARNING * * *
x2 You hit Edmund but do no damage.
Edmund is severely wounded.
You hit Edmund.
Edmund is almost dead.
Edmund hits you with a flail of crushing!
You die...

....................#..........#.
.....####..................#...#.
.....####!..........#.#..........
...............#.................
####'####..###@#..#.#............
.............#.# ...............#
......####...#.#..#.##..........#
......# ## #.##..).......[....#
......# ###+##.@@.....<...#..#...
......###.....######....#.#>.....
...................#......#.##...
#####.........####.#.######.#....
#....##........#......#.#...#
#....#.........#......#.#....
#....#.........#......#.#....
......#...####.........#.#.###
....#####'###..†........#.#.#


You could see Edmund.

Vanquished Creatures
  A scorpion (D:4)
  A hound (D:4)
  A worker ant (D:4)
  An adder (D:4)
  An ooze (D:1)
  2 leopard geckos
  A ball python (D:2)
  2 bats
  A goblin (D:1)
  4 hobgoblins (D:1)
  A quokka (D:2)
  3 frilled lizards
  4 kobolds
  4 rats (D:1)
27 creatures vanquished.

Notes
Turn   | Place    | Note
-------+----------+-------------------------------------------
     0 | D:1      | letownia2 the Gargoyle Fighter began the quest for the Orb.
     0 | D:1      | Reached XP level 1. HP: 14/14 MP: 1/1
   146 | D:1      | Reached XP level 2. HP: 19/19 MP: 2/2
   173 | D:1      | Reached skill level 3 in Unarmed Combat
   381 | D:2      | Reached XP level 3. HP: 21/23 MP: 3/3
   542 | D:4      | Reached skill level 4 in Unarmed Combat
   598 | D:4      | Noticed a scorpion
   610 | D:4      | Reached XP level 4. HP: 26/28 MP: 4/4
   639 | D:4      | Reached skill level 5 in Unarmed Combat
   639 | D:4      | Reached XP level 5. HP: 16/32 MP: 5/5
   659 | D:4      | Found Tiris's Gadget Boutique.
   678 | D:4      | Noticed Edmund
   758 | D:4      | Mangled by Edmund

Skill      XL: |  1  2  3  4 |
---------------+-------------+-----
Unarmed Combat | 3 4 5 |  5.2
Fighting       | |  3.2
Armour         | |  3.2
Shields        | |  3.2

Action                   |  1- 3 |  4- 6 || total
-------------------------+-------+-------++-------
Melee: Unarmed           |   128 |    50 ||   178
       Punch             |     2 |     1 ||     3
Armor: Scale mail        |    57 |    21 ||    78
Dodge: Dodged            |    83 |    10 ||    93
